 Dungeon Crawl Stone Soup version 0.18-a0-128-g78ce890 (webtiles) character file.

16902 Proton the Blocker (level 12, -4/97 HPs)
             Began as a Formicid Fighter on Nov 22, 2015.
             Was an Elder of Qazlal.
             Slain by a frost giant
             ... wielding a +2 battleaxe of freezing
              (6 damage)
             ... on level 13 of the Dungeon.
             The game lasted 00:29:51 (12719 turns).

Proton the Blocker (Formicid Fighter)              Turns: 12719, Time: 00:29:52

Health: -4/97      AC: 11    Str: 26    XL:     12   Next: 75%
Magic:  0/17       EV: 13    Int:  8    God:    Qazlal [****..]
Gold:   702        SH: 23    Dex: 10    Spells: 0 memorised, 11 levels left

rFire  x . .     SeeInvis +     c - +1 battleaxe
rCold  + . .     Clarity  .     K - +0 mottled dragon armour
rNeg   . . .     SustAt   .     M - +0 large shield
rPois  .         Gourm    .     (helmet unavailable)
rElec  .         Spirit   +     x - +0 cloak
rCorr  .         Warding  .     (no gloves)
rMut   .         Stasis   +     I - +0 pair of boots
MR     +....                    H - amulet of guardian spirit
Stlth  +.........               i - +5 ring of slaying
                                B - ring of ice

@: repel missiles, somewhat resistant to hostile enchantments, very unstealthy
A: permanent stasis, dig shafts and tunnels, four strong arms, antennae 3
a: Dig, Shaft Self, Upheaval, Elemental Force, Renounce Religion


You were on level 13 of the Dungeon.
You worshipped Qazlal.
Qazlal was greatly pleased with you.
You were hungry.

You visited 3 branches of the dungeon, and saw 17 of its levels.

You collected 732 gold pieces.
You spent 30 gold pieces at shops.

Inventory:

Hand Weapons
 c - a +1 battleaxe (weapon)
Armour
 x - a +0 cloak (worn)
 I - a +0 pair of boots (worn)
 K - a +0 mottled dragon armour (worn)
 M - a +0 large shield (worn)
Jewellery
 i - a +5 ring of slaying (right hand)
 o - an uncursed ring of fire
 q - an uncursed amulet of resist mutation
 B - a ring of ice (left hand)
 H - an amulet of guardian spirit (around neck)
 J - an uncursed ring of sustain attributes
 L - a +2 ring of protection {unknown}
Wands
 b - a wand of magic darts (37)
Scrolls
 f - a scroll of recharging
 g - 5 scrolls of teleportation {unknown}
 j - 3 scrolls of remove curse
 k - a scroll of summoning {unknown}
 l - 3 scrolls of enchant armour
 r - a scroll of fear
 t - a scroll of identify
 v - a scroll of amnesia
 w - a scroll of enchant weapon {unknown}
 y - 2 scrolls of blinking {unknown}
 C - a scroll of noise {unknown}
 D - 3 scrolls of vulnerability {unknown}
 E - a scroll of holy word {unknown}
 F - a scroll of fog
Potions
 d - 2 potions of might
 h - 4 potions of agility
 m - a potion of mutation {unknown}
 n - 4 potions of curing
 p - a potion of brilliance {unknown}
 s - a potion of heal wounds
 z - a potion of magic
 A - a potion of resistance {unknown}
Books
 G - the Incunabulum of Envenoming
   (You found it on level 10 of the Dungeon)

   Spells                             Type                      Level
   a - Cure Poison                    Poison                       2
   b - Mephitic Cloud                 Conjuration/Poison/Air       3
   c - Alistair's Intoxication        Transmutation/Poison         4
Comestibles
 a - 3 fruits
 e - 4 bread rations
 u - 6 meat rations


   Skills:
 + Level 9.7 Fighting
 + Level 9.0 Axes
 + Level 10.2 Armour
 + Level 7.5 Dodging
 + Level 10.9 Shields
 + Level 7.4 Invocations


You had 11 spell levels left.
You didn't know any spells.

Dungeon Overview and Level Annotations

Branches:
Dungeon (15/15)            Temple (1/1) D:6            Lair (0/8) D:8
    Orc (1/4) D:10
 Vaults: D:13-14     Depths: D:15

Altars:
Ashenzari
Cheibriados
Dithmenos
Elyvilon
Fedhas
Gozag
Kikubaaqudgha
Makhleb
Nemelex Xobeh
Okawaru
Qazlal
Ru
Sif Muna
Trog
Vehumet
Xom
Yredelemnul
Zin
The Shining One

Shops:
D:7 ?

Annotations:
D:13 Sonja
D:14 Kirke, Snorg


Innate Abilities, Weirdness & Mutations

You are under a permanent stasis effect.
You can dig through walls and to a lower floor.
Your four strong arms can wield two-handed weapons with a shield.
You have a pair of large antennae on your head (SInv).


Message History

You block the frost giant's attack.
You hit the frost giant.
The frost giant is lightly wounded.
You slash the frost giant!
The frost giant is lightly wounded.
You block the frost giant's attack.
Your shield prevents you from hitting the frost giant.
The frost giant is lightly wounded.
You block the frost giant's attack.
You slash the frost giant!
The frost giant is moderately wounded.
You block the frost giant's attack.
You hit the frost giant.
The frost giant is moderately wounded.
You hit the frost giant.
The frost giant is moderately wounded.
The frost giant hits you with a battleaxe of freezing!!
* * * LOW HITPOINT WARNING * * *
The frost giant freezes you.
You die...

#.............##K..
#..............##.#
#.............$..##
#................#.
#..............#...
#.............#....
#§§§...............
#..................
#.@................
#>§C§...^..........
#>)................
#>.................
#..................
#.................
#................
#.............#.
#............##


You could see a frost giant.

Vanquished Creatures
  Louise (D:14)
  2 vault guards (D:14)
  A deep troll earth mage (D:14)
  An anubis guard (shapeshifter) (D:14)
  Pikel (D:8)
  4 hill giants
  Maurice (D:9)
  A gargoyle (D:13)
  The ghost of Vergil the Magician, a novice DgAE (D:5)
  4 slime creatures (D:10)
  Grinder (D:3)
  3 trolls
  A freezing wraith (D:14)
  3 wyverns
  A hippogriff (D:8)
  3 deep elf magi
  5 yaks (D:9)
  A shadow (D:12)
  A mottled dragon (D:14)
  Edmund (D:4)
  A soldier ant (D:10)
  3 wolves (D:9)
  A water moccasin (D:10)
  2 wargs (D:10)
  Duvessa (D:4)
  A black bear (D:10)
  4 orc warriors
  4 phantoms
  3 sky beasts
  A necrophage (D:9)
  3 ice beasts
  7 ogres
  A big kobold (D:10)
  6 centaurs
  A brain worm (D:14)
  Dowan (D:5)
  5 giant frogs
  A scorpion (D:8)
  2 electric eels (D:9)
  10 killer bees (D:9)
  5 wights
  A centaur zombie (D:7)
  3 orc wizards
  7 hounds
  A quasit (D:14)
  8 orc priests
  4 crimson imps
  3 jellies
  A giant frog skeleton (D:10)
  Jessica (D:3)
  3 centaur skeletons
  An iguana (D:8)
  11 worker ants
  A mummy (D:5)
  Robin (D:2)
  2 worker ant zombies (D:8)
  10 adders
  2 shadow imps
  A white imp (D:9)
  2 ufetubi (D:9)
  4 oozes
  An adder zombie (D:8)
  A worm (D:2)
  46 orcs
  14 goblins
  12 hobgoblins
  17 jackals
  6 bats
  6 giant cockroaches
  6 giant geckos
  7 giant newts
  2 hobgoblin zombies (D:5)
  A jackal skeleton (D:4)
  8 kobolds
  2 kobold zombies (D:5)
  7 quokkas
  6 rats
309 creatures vanquished.

Vanquished Creatures (others)
  A slave (D:8)
  An orc wizard (D:13)
  A worker ant (D:8)
  An orc (D:9)
4 creatures vanquished.

Grand Total: 313 creatures vanquished

Notes
Turn   | Place    | Note
--------------------------------------------------------------
     0 | D:1      | Proton the Formicid Fighter began the quest for the Orb.
     0 | D:1      | Reached XP level 1. HP: 18/18 MP: 1/1
   360 | D:1      | Reached XP level 2. HP: 22/24 MP: 2/2
   755 | D:2      | Reached XP level 3. HP: 29/29 MP: 3/3
   765 | D:2      | Reached skill level 4 in Shields
  1239 | D:2      | Noticed Robin
  1247 | D:2      | Reached XP level 4. HP: 26/36 MP: 4/4
  1248 | D:2      | Killed Robin
  1291 | D:2      | Reached skill level 1 in Dodging
  1593 | D:2      | Reached XP level 5. HP: 42/42 MP: 5/5
  2010 | D:3      | Noticed Grinder
  2022 | D:3      | Killed Grinder
  2022 | D:3      | Reached skill level 5 in Shields
  2022 | D:3      | Reached XP level 6. HP: 31/49 MP: 6/6
  2127 | D:3      | Reached skill level 5 in Armour
  2296 | D:3      | Noticed Jessica
  2300 | D:3      | Killed Jessica
  2300 | D:3      | Reached XP level 7. HP: 55/55 MP: 7/7
  2652 | D:4      | Noticed Dowan
  2653 | D:4      | Noticed Duvessa
  2680 | D:5      | Entered Level 5 of the Dungeon
  2925 | D:4      | Killed Duvessa
  3379 | D:4      | Noticed Edmund
  3446 | D:4      | Killed Edmund
  3446 | D:4      | Reached skill level 5 in Fighting
  3446 | D:4      | Reached XP level 8. HP: 36/62 MP: 8/8
  3722 | D:4      | Reached skill level 6 in Shields
  3892 | D:5      | Noticed Vergil's ghost (novice DgAE)
  4020 | D:5      | Found a shattered altar of Ashenzari.
  4076 | D:6      | Found a staircase to the Ecumenical Temple.
  4082 | Temple   | Entered the Ecumenical Temple
  5115 | D:5      | Killed Dowan
  5494 | D:5      | Found a stormy altar of Qazlal.
  5502 | D:5      | Became a worshipper of Qazlal Stormbringer
  5508 | D:5      | Found a glowing golden altar of the Shining One.
  5685 | D:5      | Reached XP level 9. HP: 69/69 MP: 9/9
  5729 | D:5      | Found a white marble altar of Elyvilon.
  5743 | D:5      | Found a bloodstained altar of Trog.
  5880 | D:6      | Reached skill level 5 in Axes
  6424 | D:7      | Reached skill level 7 in Shields
  6557 | D:7      | Reached * piety under Qazlal
  6566 | D:7      | Found Togunaed's Magic Scroll Shoppe.
  6642 | D:7      | Bought a scroll of identify for 30 gold pieces
  6966 | D:8      | Found a staircase to the Lair.
  7003 | D:8      | Noticed Pikel
  7028 | D:8      | Killed Pikel
  7028 | D:8      | Reached skill level 5 in Dodging
  7028 | D:8      | Reached XP level 10. HP: 72/79 MP: 9/11
  7041 | D:8      | Reached skill level 8 in Shields
  7646 | D:8      | Found a sparkling altar of Nemelex Xobeh.
  7647 | D:8      | Found an opulent altar of Gozag.
  7835 | D:5      | Killed Vergil's ghost
  8964 | D:9      | Noticed Maurice
  8999 | D:9      | Killed Maurice
  8999 | D:9      | Reached skill level 9 in Shields
  8999 | D:9      | Reached XP level 11. HP: 61/86 MP: 12/14
  9053 | D:9      | Reached ** piety under Qazlal
  9529 | D:9      | Reached skill level 5 in Invocations
  9864 | D:10     | Entered Level 10 of the Dungeon
  9871 | D:10     | Noticed a hill giant
  9889 | D:10     | Killed a hill giant
 10004 | D:10     | Noticed a hill giant
 10038 | D:10     | Killed a hill giant
 10602 | D:10     | Found a staircase to the Orcish Mines.
 10631 | D:10     | Noticed a hill giant
 10668 | D:10     | Killed a hill giant
 10763 | D:10     | Identified the Incunabulum of Envenoming
 11020 | D:10     | Reached *** piety under Qazlal
 11089 | D:10     | Reached skill level 10 in Shields
 11337 | Orc:1    | Entered Level 1 of the Orcish Mines
 11773 | D:11     | Reached XP level 12. HP: 82/94 MP: 13/16
 11814 | D:11     | Noticed a seven-headed hydra
 11816 | D:11     | Found a blossoming altar of Fedhas.
 11819 | D:11     | You fall through a shaft for 2 floors!
 12034 | D:12     | Noticed a five-headed hydra
 12055 | D:12     | You fall through a shaft for 3 floors!
 12055 | D:15     | Entered Level 15 of the Dungeon
 12363 | D:14     | Found a bloodstained altar of Trog.
 12385 | D:14     | Noticed Louise
 12393 | D:14     | Killed Louise
 12529 | D:14     | Noticed Kirke
 12562 | D:13     | Noticed a deep troll earth mage
 12564 | D:13     | Noticed a frost giant
 12564 | D:13     | Noticed Sonja
 12584 | D:14     | Killed a deep troll earth mage
 12628 | D:14     | Noticed a vault guard
 12633 | D:14     | Killed a vault guard
 12647 | D:14     | Reached skill level 10 in Armour
 12657 | D:14     | Reached **** piety under Qazlal
 12676 | D:14     | Noticed a vault guard
 12685 | D:14     | Killed a vault guard
 12701 | D:14     | Noticed Snorg
 12719 | D:13     | HP: 2/97 [frost giant/battleaxe of freezing (16)]
 12719 | D:13     | Slain by a frost giant

Vault maps used:
D:1:      dpeg_arrival_lava_altar, hangedman_decor_slide_cut,
          minmay_splitting_lines
D:2:      first_bread, uniq_robin
D:3:      uniq_grinder, uniq_jessica
D:4:      uniq_duvessa, uniq_edmund
D:5:      old_standard_altar, grunt_temple_overflow_cloverleaf,
          minmay_mini_ossuary
D:6:      minmay_temple_entry_purple_smoke, columned_hall_lemuel
D:7:      serial_shops, shop
D:8:      grunt_temple_overflow_opulence, lair_0_dummy, uniq_pikel
D:9:      serial_ice, serial_ice_l, serial_ice_f, serial_ice_d, serial_ice_n,
          uniq_maurice
D:10:     david_orc_1_choice, minmay_crystal_room
D:11:     hangedman_tree_tricks, lemuel_blue_sif_altar, uniq_josephine
D:12:     uniq_rupert, uniq_harold, uniq_psyche
D:13:     minmay_diamond_spiral, uniq_sonja
D:14:     lightli_vaults_fourway_checkpoint, basic_altar, kennysheep_dice,
          uniq_kirke, uniq_louise, uniq_snorg
D:15:     hangedman_depths_entry_civil_slaughter
Temple:   oiseaux_autumnal_temple_12
Orc:1:    uniq_urug

Action                   |  1- 3 |  4- 6 |  7- 9 | 10-12 || total
-------------------------+-------+-------+-------+-------++-------
Melee: War axe           |   112 |   138 |   370 |   529 ||  1149
       Battleaxe         |       |       |       |    84 ||    84
 Abil: Shaft Self        |       |       |       |     2 ||     2
  Use: Potion            |       |       |     1 |       ||     1
       Scroll            |       |       |    11 |     4 ||    15
  Eat: Beef jerky        |       |     1 |     1 |     2 ||     4
       Pizza             |       |     1 |       |       ||     1
       Bread ration      |       |       |     2 |     2 ||     4
       Meat ration       |       |       |     1 |     1 ||     2
       Fruit             |       |       |     3 |       ||     3
       Royal jelly       |       |       |       |     1 ||     1
